 Dungeon Crawl Stone Soup version 0.17.1-2-g5865329 (webtiles) character file.

310 kaze the Ruffian (level 6, -2/91 HPs)
             Began as a Troll Berserker on Jan 28, 2016.
             Was a Priest of Trog.
             Slain by an ogre
             ... wielding a +0 giant club
              (22 damage)
             ... on level 4 of the Dungeon.
             The game lasted 00:10:34 (2100 turns).

kaze the Ruffian (Troll Berserker)                  Turns: 2100, Time: 00:10:36

Health: -2/91      AC:  5    Str: 33    XL:     6   Next: 18%
Magic:  5/5        EV: 10    Int:  3    God:    Trog [***...]
Gold:   162        SH:  0    Dex:  9    Spells: 0 memorised, 5 levels left

rFire  . . .     SeeInvis .     s - +0 war axe
rCold  . . .     Clarity  .     a - +0 animal skin
rNeg   . . .     SustAt   .     (no shield)
rPois  .         Gourm    +     (helmet restricted)
rElec  .         Spirit   .     (no cloak)
rCorr  .         Warding  .     (gloves unavailable)
rMut   .         Stasis   .     (boots unavailable)
MR     .....                    (no amulet)
Stlth  ..........               (no ring)
                                m - +4 ring of slaying

@: berserking, lethally poisoned (-2 -> -2), very quick, not resistant to
hostile enchantments, extremely unstealthy
A: unfitting armour, claws 3, fast metabolism 3, gourmand, regeneration 2,
shaggy fur 1, tough skin 2
a: Berserk, Trog's Hand, Burn Spellbooks, Renounce Religion


You were on level 4 of the Dungeon.
You worshipped Trog.
Trog was most pleased with you.
You were hungry.

You visited 1 branch of the dungeon, and saw 4 of its levels.

You collected 162 gold pieces.

Inventory:

Hand Weapons
 s - a +0 war axe (weapon)
Armour
 a - a +0 animal skin (worn)
 o - a +1 robe of magic resistance
Jewellery
 m - a +4 ring of slaying (left claw)
Scrolls
 c - a scroll of remove curse
 d - 2 scrolls of blinking {unknown}
 h - a scroll of teleportation {unknown}
 k - a scroll of enchant armour {unknown}
 n - 2 scrolls of recharging {unknown}
 q - a scroll of identify {unknown}
 r - a scroll of immolation {unknown}
Potions
 e - a potion of curing {unknown}
 j - a potion of lignification {unknown}
 l - a potion of heal wounds {unknown}
 t - 2 potions of poison {unknown}
 u - a potion of might {unknown}
Comestibles
 b - 2 bread rations
 f - 2 slices of pizza
 g - 5 fruits
 i - 3 meat rations
 p - a chunk of flesh


   Skills:
 + Level 3.4 Fighting
 + Level 0.8 Axes
 + Level 4.1 Dodging
 - Level 0.1 Stealth
 + Level 4.5 Unarmed Combat


You had 5 spell levels left.
You didn't know any spells.

Dungeon Overview and Level Annotations

Branches:
Dungeon (4/15)
 Temple: D:4-7

Altars:
Kikubaaqudgha
Zin

Annotations:
D:3 Sigmund


Innate Abilities, Weirdness & Mutations

You are too large for most types of armour.
You have claws for hands.
Your metabolism is lightning-fast.
You like to eat raw meat.
You heal very quickly.
You are covered in fur (AC +1).
You have very tough skin (AC +2).


Message History

The hungry ghost is moderately damaged.
You slash the worker ant zombie!
You destroy the worker ant zombie!
The hungry ghost hits you.
You feel a lot more hungry.
You barely miss the ogre. Your claw misses the ogre.
The ogre is severely wounded.
You slice the hungry ghost!!
The hungry ghost is almost destroyed.
You feel sick. The ogre hits you with a giant club!!
* * * LOW HITPOINT WARNING * * *
The hungry ghost hits you.
* * * LOW HITPOINT WARNING * * *
You are feeling hungry.
You completely miss the ogre.
The ogre is severely wounded.
You barely miss the hungry ghost.
The hungry ghost is almost destroyed.
You barely miss the phantom. The phantom closely misses you.
The hungry ghost barely misses you. The ogre hits you with a giant club!!
You die...

#......# #......
#...... #.....
#$.... . #...# ..#
##...## #...#
#...@!#....(.
#.....#..WOW'......
#.....#.....#......
... #.....#.....#
..... ...
#<....#.....# ....
.... #.>...#.....#
... .....
#...###....# #.
.....###.>.###..###
........<........#


You could see a phantom, a hungry ghost and an ogre.

Vanquished Creatures
  An orc priest (D:3)
  A hound (D:4)
  An orc wizard (D:3)
  Jessica (D:3)
  Terence (D:2)
  A worker ant zombie (D:4)
  7 adders
  2 adder skeletons (D:4)
  A worm (D:2)
  4 giant geckos
  13 orcs (D:3)
  2 ball pythons
  4 giant cockroaches
  5 hobgoblins
  2 jackals (D:3)
  A quokka (D:3)
  7 bats
  5 giant newts
  4 goblins
  9 kobolds
  9 rats
  A plant (D:3)
82 creatures vanquished.

Notes
Turn   | Place    | Note
--------------------------------------------------------------
     0 | D:1      | kaze the Troll Berserker began the quest for the Orb.
     0 | D:1      | Reached XP level 1. HP: 22/22 MP: 0/0
   187 | D:1      | Reached XP level 2. HP: 29/29 MP: 1/1
   604 | D:2      | Reached ** piety under Trog
   911 | D:2      | Reached XP level 3. HP: 29/36 MP: 2/2
  1068 | D:2      | Noticed Terence
  1079 | D:2      | Killed Terence
  1079 | D:2      | Reached XP level 4. HP: 41/45 MP: 3/3
  1265 | D:3      | Reached skill level 4 in Unarmed Combat
  1338 | D:3      | Reached XP level 5. HP: 53/53 MP: 4/4
  1434 | D:3      | Reached *** piety under Trog
  1495 | D:3      | Found an ancient bone altar of Kikubaaqudgha.
  1522 | D:3      | Noticed Jessica
  1526 | D:3      | Killed Jessica
  1561 | D:3      | Found a glowing silver altar of Zin.
  1649 | D:3      | Noticed Sigmund
  2071 | D:4      | Noticed a phantom
  2074 | D:4      | Noticed a hungry ghost
  2092 | D:4      | Noticed an ogre
  2097 | D:4      | Reached XP level 6. HP: 61/61 MP: 5/5
  2100 | D:4      | Slain by an ogre

Action                   |  1- 3 |  4- 6 || total
-------------------------+-------+-------++-------
Melee: Unarmed           |   103 |    72 ||   175
       War axe           |       |    35 ||    35
Invok: Berserk           |       |     1 ||     1
  Use: Scroll            |       |     2 ||     2
  Eat: Chunk             |    10 |     8 ||    18
